 Dungeon Crawl Stone Soup version 0.20.1-1-g8b1a95d (webtiles) character file.

2274 Inchmeat the Reanimator (level 9, -4/57 HPs)
             Began as a Demonspawn Necromancer on Dec 13, 2017.
             Was a Follower of Ashenzari.
             Slain by an ogre
             ... wielding a +0 giant spiked club
              (28 damage)
             ... on level 7 of the Dungeon.
             The game lasted 00:22:04 (10551 turns).

Inchmeat the Reanimator (Demonspawn Necromancer)   Turns: 10551, Time: 00:22:05

Health: -4/57      AC:  9    Str: 12    XL:     9   Next: 16%
Magic:  3/12       EV: 10    Int: 16    God:    Ashenzari [*.....]
Gold:   370        SH:  5    Dex: 16    Spells: 1/12 levels left

rFire    . . .     SeeInvis .   o - +4 falchion (curse)
rCold    + . .     Gourm    +   p - +0 buckler (curse)
rNeg     + . .     Faith    .   r - +3 ring mail {rC+} (curse)
rPois    .         Spirit   .   (helmet restricted)
rElec    .         Reflect  .   (no cloak)
rCorr    .         Harm     .   B - +0 pair of gloves (curse)
MR       .....                  (no boots)
Stlth    ++........             s - amulet of the gourmand
Regen    0.2/turn               y - ring of positive energy
MPRegen  0.2/turn               (no ring)

@: lethally poisoned (-4 -> -6), very slightly contaminated
A: horns 2, thin skeletal structure 1, demonic guardian 1
a: Curse Item, Scrying, Renounce Religion


You were on level 7 of the Dungeon.
You worshipped Ashenzari.
Ashenzari was aware of your devotion.
You were not hungry.

You visited 2 branches of the dungeon, and saw 8 of its levels.

You collected 370 gold pieces.

Inventory:

Hand Weapons
 o - a cursed +4 falchion (weapon)
Missiles
 E - a throwing net (quivered)
Armour
 p - a cursed +0 buckler (worn)
 r - a cursed +3 ring mail of cold resistance (worn)
 B - a cursed +0 pair of gloves (worn)
Jewellery
 f - an uncursed ring of fire
 s - an amulet of the gourmand (around neck)
 y - a ring of positive energy (left hand)
 G - a +2 ring of intelligence
Wands
 x - a wand of disintegration (11/24)
 C - a wand of lightning (8/15)
 D - a wand of scattershot (3/9)
Scrolls
 a - a scroll of blinking
 h - 2 scrolls of teleportation {unknown}
 i - a scroll of recharging
 m - a scroll of random uselessness {unknown}
 q - 2 scrolls of fear {unknown}
 t - 2 scrolls of enchant weapon {unknown}
 w - 4 scrolls of identify {@r1}
 A - a scroll of amnesia {unknown}
Potions
 d - a potion of might {unknown}
 e - 2 potions of haste {unknown}
 g - 2 potions of flight {unknown}
 j - 2 potions of magic {unknown}
 k - 4 potions of heal wounds
 v - 3 potions of curing {unknown}
 z - a potion of brilliance {unknown}
 F - a potion of mutation {unknown}
Books
 b - a book of Necromancy

   Spells                             Type                      Level
   a - Pain                           Necromancy                   1
   b - Animate Skeleton               Necromancy                   1
   c - Vampiric Draining              Necromancy                   3
   d - Regeneration                   Charms/Necromancy            3
   e - Animate Dead                   Necromancy                   4
   f - Control Undead                 Necromancy                   4
Comestibles
 c - 5 bread rations
 l - 5 royal jellies
 n - 2 fruits
 u - a meat ration


   Skills:
 - Level 5.3 Long Blades
 - Level 1.8 Dodging
 - Level 2.1 Stealth
 - Level 2.5 Shields
 - Level 2.2 Spellcasting
 * Level 11.6 Necromancy


You had one spell level left.
You knew the following spells:

 Your Spells              Type           Power        Failure   Level  Hunger
a - Pain                  Necr           ####         1%          1    #......
b - Vampiric Draining     Necr           #####.....   1%          3    ###....
c - Animate Dead          Necr           N/A          4%          4    #####..
d - Regeneration          Chrm/Necr      ###.......   16%         3    ###....


Dungeon Overview and Level Annotations

Branches:
Dungeon (7/15)             Temple (1/1) D:4

Altars:
Ashenzari
Dithmenos
Elyvilon
Fedhas
Gozag
Hepliaklqana
Makhleb
Nemelex Xobeh
Okawaru
Qazlal
Trog
Uskayaw
Vehumet
Xom
Yredelemnul
Zin
The Shining One

Annotations:
D:2 1 runed door


Innate Abilities, Weirdness & Mutations

You have a pair of horns on your head.
You have a somewhat thin skeletal structure. (Dex +2, Stealth)
A weak demonic guardian rushes to your aid.


Message History

Ye feel yerself speed up.
Ye feel sick.
Ye hit tha ogre.
Tha ogre be lightly wounded.
Ye feel sick.
Tha ogre misses ye.
Ye riposte.
Ye hit tha ogre.
Ye headbutt tha ogre, but do nay damage.
Tha ogre be moderately wounded.
Ye slash tha ogre!
Tha ogre be severely wounded.
Tha ogre barely misses ye.
Ye riposte.
Ye hit tha ogre.
Tha ogre be almost dead.
Ye closely miss tha ogre.
Tha ogre be almost dead.
Ye feel sick.
Tha ogre hits ye wit' a giant spiked club!!
Ye barely miss tha ogre.
Tha ogre be almost dead.
Ye feel sick.
Tha ogre hits ye wit' a giant spiked club!!
Ye die...

###'## ..n..# >....#
# y....# # .....# #
.O...# #
######.....# #
#######..@On....# #
#.......######### #
#.#####.#
############## #.#
#.#####........##...
#.#
#.....#.######†##.##
#.# #.###†#.# #.##.#
#.# ##...#.#.#
#.##.#
#.####....#.#.#
#....#
#......_......#
######


You could see an ogre and a necrophage.

Vanquished Creatures
  Joseph (D:7)
  A hornet (D:7)
  Grinder (D:4)
  Prince Ribbit (D:7)
  The ghost of gregunderscorem the Sneak, an amateur OpWn of Yredelemnul (D:5)
  An orc warrior (D:7)
  A phantom (D:4)
  A gnoll sergeant (D:7)
  A bullfrog (D:7)
  A howler monkey (D:5)
  3 crimson imps
  6 hounds
  An orc priest (D:7)
  A bullfrog skeleton (D:4)
  4 orc wizards
  Jessica (D:3)
  3 worker ants
  A hound zombie (D:6)
  A worker ant zombie (D:6)
  15 adders
  9 gnolls
  2 adder skeletons (D:4)
  5 dart slugs
  3 leopard geckos
  21 orcs
  A ball python (D:1)
  9 giant cockroaches
  5 goblins
  10 hobgoblins
  9 jackals
  6 quokkas
  9 bats
  4 frilled lizards
  A goblin skeleton (D:2)
  A jackal skeleton (D:4)
  6 kobolds
  A leopard gecko skeleton (D:4)
  A quokka zombie (D:3)
  12 rats
161 creatures vanquished.

Vanquished Creatures (collateral kills)
  A bullfrog skeleton (D:7)
  2 gnolls (D:7)
  An orc (D:7)
4 creatures vanquished.

Grand Total: 165 creatures vanquished

Notes
Turn   | Place    | Note
-------+----------+-------------------------------------------
     0 | D:1      | Inchmeat the Demonspawn Necromancer began the quest for the Orb.
     0 | D:1      | Reached XP level 1. HP: 13/13 MP: 3/3
   787 | D:1      | Gained mutation: You have a somewhat thin skeletal structure. (Dex +2, Stealth) [demonic ancestry]
   787 | D:1      | Reached XP level 2. HP: 18/19 MP: 1/5
  1444 | D:1      | Reached skill level 5 in Necromancy
  1582 | D:1      | Reached XP level 3. HP: 11/24 MP: 1/6
  2578 | D:2      | Gained mutation: You have a pair of small horns on your head. [demonic ancestry]
  2578 | D:2      | Reached XP level 4. HP: 28/30 MP: 2/7
  2625 | D:2      | Learned a level 3 spell: Vampiric Draining
  2636 | D:2      | Found a runed door.
  2636 | D:2      | Noticed a human
  2639 | D:2      | Found a basalt altar of Yredelemnul.
  2910 | D:2      | Reached skill level 6 in Necromancy
  3021 | D:3      | Noticed Jessica
  3028 | D:3      | Killed Jessica
  3634 | D:3      | Reached XP level 5. HP: 18/35 MP: 1/8
  3925 | D:2      | Learned a level 4 spell: Animate Dead
  3956 | D:3      | Reached skill level 7 in Necromancy
  4089 | D:3      | Found a glowing golden altar of the Shining One.
  4325 | D:3      | Reached skill level 1 in Long Blades
  4879 | D:3      | Reached XP level 6. HP: 26/41 MP: 3/9
  5216 | D:3      | Noticed an angel
  5217 | D:3      | Found a glowing silver altar of Zin.
  5378 | D:4      | Found a staircase to the Ecumenical Temple.
  5384 | Temple   | Entered the Ecumenical Temple
  5557 | Temple   | Became a worshipper of Ashenzari the Shackled
  5940 | D:4      | Reached skill level 8 in Necromancy
  6066 | D:4      | Found a hazy altar of Hepliaklqana.
  6077 | D:4      | Noticed Grinder
  6088 | D:4      | Paralysed by Grinder for 7 turns
  6097 | D:4      | Killed Grinder
  6097 | D:4      | Gained mutation: A weak demonic guardian rushes to your aid. [demonic ancestry]
  6097 | D:4      | Reached XP level 7. HP: 46/46 MP: 10/10
  6443 | D:5      | Entered Level 5 of the Dungeon
  6443 | D:5      | Noticed gregunderscorem's ghost (amateur OpWn)
  6453 | D:5      | Killed gregunderscorem's ghost
  6453 | D:5      | Reached skill level 9 in Necromancy
  6945 | D:5      | Reached XP level 8. HP: 49/52 MP: 11/11
  7359 | D:5      | Found an opulent altar of Gozag.
  7359 | D:5      | Found a sparkling altar of Nemelex Xobeh.
  7617 | D:6      | Reached skill level 5 in Long Blades
  7968 | D:6      | Found a glowing golden altar of the Shining One.
  8002 | D:6      | Reached * piety under Ashenzari
  8392 | D:7      | Noticed Prince Ribbit
  8586 | D:6      | Learned a level 3 spell: Regeneration
  8594 | D:6      | Found a basalt altar of Yredelemnul.
  8879 | D:6      | Found a white marble altar of Elyvilon.
  8983 | D:7      | Reached skill level 1 in Shields
  9279 | D:7      | Killed Prince Ribbit
  9337 | D:7      | Noticed Joseph
  9354 | D:7      | Killed Joseph
  9354 | D:7      | Reached skill level 10 in Necromancy
  9885 | D:7      | Reached skill level 11 in Necromancy
 10222 | D:7      | Gained mutation: You have a pair of horns on your head. [demonic ancestry]
 10222 | D:7      | Reached XP level 9. HP: 47/57 MP: 0/12
 10488 | D:7      | Found a shadowy altar of Dithmenos.
 10544 | D:7      | Paralysed by a hornet for 3 turns
 10551 | D:7      | Slain by an ogre

Skill      XL: |  1  2  3  4  5  6  7  8 |
---------------+-------------------------+-----
Stealth        | 2 |  2.1
Necromancy     | 5 6 7 8 9 11 | 11.6
Long Blades    | 1 3 4 5 |  5.3
Shields        | 2 |  2.5
Dodging        | |  1.8
Spellcasting   | |  2.2

Action                   |  1- 3 |  4- 6 |  7- 9 || total
-------------------------+-------+-------+-------++-------
Melee: Unarmed           |     2 |     4 |       ||     6
       Short sword       |    15 |    22 |       ||    37
       Headbutt          |       |    29 |    36 ||    65
       Falchion          |       |    78 |   224 ||   302
 Cast: Pain              |    80 |    66 |    14 ||   160
       Animate Dead      |       |     4 |     3 ||     7
       Vampiric Draining |       |       |    10 ||    10
Invok: Curse Item        |       |       |     2 ||     2
  Use: Scroll            |     3 |     3 |     1 ||     7
       Potion            |     1 |     2 |       ||     3
 Stab: Sleeping          |     2 |     5 |     8 ||    15
       Distracted        |       |     3 |     6 ||     9
  Eat: Chunk             |     6 |    11 |    14 ||    31
       Fruit             |       |     1 |       ||     1
       Meat ration       |       |       |     1 ||     1
Armor: Robe              |     5 |    27 |    15 ||    47
       Leather armour    |     3 |     7 |       ||    10
       Skin              |       |     4 |       ||     4
       Ring mail         |       |       |    36 ||    36
Dodge: Dodged            |    38 |    79 |   108 ||   225
Block: Buckler           |       |       |    20 ||    20
       Rpst.: Falchion   |       |    14 |    30 ||    44
